AoeStats
← BYoooo

Hideout

510067111Analyzed
1v1 RM · 4d ago on Sep 29, 2026· 43m 29s· 2 players
Game mode
Random Map
Map size
Tiny (2 player)
Population
200
Speed
Normal
Resources
Standard
Victory
Conquest
Starting age
Dark Age
Ending age
Imperial Age
RankedLock teamsTeams togetherTeam positionsShared explorationLock speedFull tech treeHidden civsTurbo modeCheats
Victory
Defeat
🇨🇳 Cumans · China
687
+18
🇩🇪 Franks · Germany
726
-18
唐宋元明清
11:26 Feudal Age
14:12 Horse Collar
14:55 Double-Bit Axe
21:34 Castle Age
23:15 Heavy Plow
23:32 Bow Saw
25:34 Gold Mining
25:36 Stone Mining
26:27 Wheelbarrow
25:37 Town Watch
29:06 Gold Shaft Mining
29:04 Bloodlines
30:46 Murder Holes
32:26 Fletching
32:37 Padded Archer Armor
32:41 Steppe Husbandry
36:49 Imperial Age
34:35 Hand Cart
34:27 Town Patrol
35:16 Ballistics
35:07 Masonry
36:58 Elite Steppe Lancer
37:38 Bodkin Arrow
37:58 Leather Archer Armor
37:48 Scale Barding Armor
37:57 Forging
38:25 Crop Rotation
38:58 Two-Man Saw
40:01 Chemistry
39:51 Hoardings
39:51 Conscription
42:44 Ring Archer Armor
42:34 Chain Barding Armor
42:50 Iron Casting
42:14 Elite Kipchak
BYoooo
11:27 Feudal Age
10:53 Loom
11:57 Double-Bit Axe
15:37 Scale Barding Armor
17:44 Castle Age
19:04 Chain Barding Armor
19:34 Wheelbarrow
19:02 Gold Mining
19:04 Stone Mining
19:38 Bow Saw
24:13 Forging
26:49 Gold Shaft Mining
26:54 Iron Casting
28:27 Town Watch
28:59 Hand Cart
31:23 Husbandry
34:58 Imperial Age
32:38 Town Patrol
33:04 Fletching
33:15 Padded Archer Armor
33:42 Ballistics
33:04 Treadmill Crane
37:52 Chemistry
37:04 Masonry
36:53 Murder Holes
37:08 Siege Engineers
37:09 Cavalier
38:33 Plate Barding Armor
38:59 Blast Furnace
37:57 Bodkin Arrow
38:53 Paladin
39:57 Conscription
40:14 Hoardings
43:41 Leather Archer Armor
43:41 Chivalry
Connection lost

Rejoining the realm…

Still unreachable

The connection could not be restored.

Session expired

The server has moved on; the page needs a fresh start.